 Dungeon Crawl Stone Soup version 0.26.0-16-gc1dbca0489 (webtiles) character file.

Game seed: 18313431148113779061

2153 kaeus the Skirmisher (level 9, -8/71 HPs)
             Began as a Demonspawn Fighter on Jan 21, 2021.
             Was a Follower of Ashenzari.
             Mangled by an orc warrior
             ... wielding a +0 battleaxe
              (13 damage)
             ... on level 6 of the Dungeon.
             The game lasted 00:09:42 (5838 turns).

kaeus the Skirmisher (Demonspawn Fighter)           Turns: 5838, Time: 00:09:43

Health: -8/71      AC: 13    Str: 19    XL:     9   Next: 10%
Magic:  0/9        EV:  8    Int:  9    God:    Ashenzari [*.....]
Gold:   319        SH: 10    Dex: 14    Spells: 8/8 levels left

rFire    . . .     SeeInvis +   a - +0 war axe (curse)
rCold    . . .     Faith    .   c - +0 kite shield (curse)
rNeg     . . .     Spirit   +   k - +4 ring mail (curse)
rPois    .         Reflect  .   v - +2 helmet {SInv}
rElec    .         Harm     .   (no cloak)
rCorr    +         Rampage  .   (no gloves)
Will     .....                  (no boots)
Stlth    ..........             (no amulet)
HPRegen  0.21/turn              j - ring of resist corrosion
MPRegen  0.11/turn              (no ring)

@: slowed, very slow
A: hooves 1, magic shield, miasma immunity
a: Renounce Religion, Curse Item, Scrying


You were on level 6 of the Dungeon.
You worshipped Ashenzari.
Ashenzari was aware of your devotion.
You visited 1 branch of the dungeon, and saw 6 of its levels.
You also visited: Ossuary.

You collected 319 gold pieces.

Inventory:

Hand Weapons
 a - a cursed +0 war axe (weapon)
Armour
 c - a cursed +0 kite shield (worn)
 k - a cursed +4 ring mail (worn)
 v - a +2 helmet of see invisible (worn)
Jewellery
 j - a ring of resist corrosion (left hand)
Wands
 x - a wand of acid (8)
Scrolls
 e - 4 scrolls of identify
 g - 3 scrolls of teleportation
 l - 2 scrolls of magic mapping {unknown}
 m - a scroll of immolation {unknown}
 n - 4 scrolls of amnesia {unknown}
 r - a scroll of blinking {unknown}
 t - 2 scrolls of noise {unknown}
 u - a scroll of enchant armour {unknown}
 w - a scroll of fear {unknown}
 y - a scroll of enchant weapon {unknown}
 A - a scroll of vulnerability {unknown}
Potions
 b - a potion of mutation {unknown}
 d - 2 potions of degeneration {unknown}
 f - 3 potions of resistance {unknown}
 h - a potion of attraction {unknown}
 i - 5 potions of lignification
 o - 2 potions of might
 p - 3 potions of curing {unknown}
 q - a potion of flight {unknown}
 s - 4 potions of haste {unknown}
 z - a potion of heal wounds {unknown}
 B - a potion of invisibility {unknown}


   Skills:
 + Level 6.7 Fighting
 + Level 5.7 Axes
 + Level 6.1 Armour
 + Level 6.1 Shields


You had 8 spell levels left.
You didn't know any spells.
Your spell library was empty.

Dungeon Overview and Level Annotations

Branches:
Dungeon (6/15)             Temple (0/1) D:4         Ossuary (visited)

Altars:
Ashenzari


Innate Abilities, Weirdness & Mutations

You have large cloven feet.
When hurt, damage is shared between your health and your magic reserves.
You are immune to miasma.


Message History

You slash the orc wizard!
You kill the orc wizard!
You barely miss the worker ant. You closely miss the orc warrior.
You block the worker ant's attack. The orc warrior completely misses you.
The worker ant bites you but does no damage.
You block the worker ant's attack.
The orc warrior hits you with a +0 battleaxe!!
* * * LOW HITPOINT WARNING * * *
You are too injured to fight recklessly!
You are too injured to fight recklessly!
You are too injured to fight recklessly!
You are too injured to fight recklessly!
You are too injured to fight recklessly!
You are too injured to fight recklessly!
You are too injured to fight recklessly!
You are too injured to fight recklessly!
The worker ant bites you.
* * * LOW HITPOINT WARNING * * *
The orc warrior hits you with a +0 battleaxe!
You die...

..#.......#...............#.####
..##.....##...................##
####......#....................#
####..#..####.............#..#..#
.........................###.....
###############........... ......
##.##....... ....## # #.##..###.
###..# ... #@.#.... . ... ....
##Bo#.#.... .#.# ...♣ #...)......
..♣♣ ###.).#.... #♣♣ #...# #.
..##.# ..# ... ##.. ... ... ##.#


You could see an orc warrior and a worker ant.

Vanquished Creatures
  Pikel (D:4)
  The ghost of Strat the Fighter, an amateur MiNe of Elyvilon (D:3)
  Eustachio (D:4)
  A centaur (D:5)
  A necrophage (D:5)
  A bullfrog (D:3)
  2 scorpions
  2 centaur zombies
  A bullfrog skeleton (D:4)
  2 bullfrog zombies (Ossuary)
  2 jellies (D:6)
  2 orc wizards (D:6)
  A centaur skeleton (D:4)
  16 mummies (Ossuary)
  4 worker ants
  A killer bee zombie (D:5)
  2 hound zombies (Ossuary)
  A hound skeleton (D:5)
  A howler monkey zombie (Ossuary)
  A worker ant zombie (Ossuary)
  7 adders
  An ufetubus (D:5)
  An ooze (D:4)
  2 adder skeletons (D:5)
  An adder zombie (Ossuary)
  2 worms
  2 dart slugs
  4 leopard geckos
  19 orcs
  A ball python (D:3)
  5 giant cockroaches
  7 goblins
  3 hobgoblins
  8 jackals
  9 kobolds
  2 quokkas
  4 bats
  6 frilled lizards
  A giant cockroach zombie (Ossuary)
  A jackal skeleton (D:3)
  A leopard gecko skeleton (D:5)
  A quokka skeleton (D:4)
  7 rats
139 creatures vanquished.

Vanquished Creatures (others)
  10 withered plants (Ossuary)
10 creatures vanquished.

Grand Total: 149 creatures vanquished

Notes
Turn   | Place    | Note
-------+----------+-------------------------------------------
     0 | D:1      | kaeus the Demonspawn Fighter began the quest for the Orb.
     0 | D:1      | Reached XP level 1. HP: 18/18 MP: 1/1
   125 | D:1      | Gained mutation: When hurt, damage is shared between your
                  | health and your magic reserves. [demonic ancestry]
   125 | D:1      | Reached XP level 2. HP: 13/24 MP: 2/2
   582 | D:1      | Reached XP level 3. HP: 29/29 MP: 3/3
  1549 | D:3      | Gained mutation: You are immune to miasma. [demonic
                  | ancestry]
  1549 | D:3      | Reached XP level 4. HP: 26/35 MP: 4/4
  1990 | D:3      | Found a runed translucent door.
  1990 | D:3      | Noticed a bullfrog
  1991 | D:3      | Noticed Strat's ghost (amateur MiNe)
  2377 | D:3      | Found a runed translucent door.
  2507 | D:3      | HP: 1/55 [Strat's ghost (2)]
  2513 | D:3      | Killed Strat's ghost
  2514 | D:3      | Reached XP level 5. HP: 3/43 MP: 2/5
  2514 | D:3      | Reached XP level 6. HP: 4/49 MP: 2/6
  3193 | D:4      | Noticed Pikel
  3196 | D:4      | Found a broken altar of Ashenzari.
  3244 | D:4      | Killed Pikel
  3245 | D:4      | Reached skill level 5 in Fighting
  3245 | D:4      | Gained mutation: You have large cloven feet. [demonic
                  | ancestry]
  3245 | D:4      | Reached XP level 7. HP: 46/56 MP: 4/7
  3333 | D:4      | Became a worshipper of Ashenzari the Shackled
  3410 | D:4      | Noticed Eustachio
  3436 | D:4      | Killed Eustachio
  3437 | D:4      | Reached skill level 5 in Armour
  3437 | D:4      | Reached skill level 5 in Shields
  3437 | D:4      | Reached XP level 8. HP: 35/63 MP: 5/8
  3609 | D:4      | Found a staircase to the Ecumenical Temple.
  4153 | D:5      | Entered Level 5 of the Dungeon
  4307 | D:5      | Reached skill level 5 in Axes
  4971 | D:5      | Reached * piety under Ashenzari
  5210 | D:6      | Found a sand-covered staircase.
  5238 | Ossuary  | Entered an ossuary
  5427 | Ossuary  | Reached XP level 9. HP: 47/71 MP: 9/9
  5838 | D:6      | Mangled by an orc warrior

Illustrated notes

Levels and vault maps discovered:
D:1:      amcnicky_arrival_blooded_trapdoor, layout_basic
D:2:      layout_rooms
D:3:      layout_rooms, ebering_ghost_sewer_f, kennysheep_nub
D:4:      layout_loops_ring, overflow_temple_1_default, temple_hall,
          chequers_serial_rivers_micro_c, uniq_pikel, uniq_eustachio
D:5:      layout_cave_pools, grunt_ministairs_13, corexii_leaking_fountain
D:6:      layout_cave_pools, minitemple, nicolae_ossuary_entry_ruins,
          grunt_ministairs_1, makhleb_heckhound_becter, uniq_crazy_yiuf_cottage

Skill      XL: |  1  2  3  4  5  6  7  8 |
---------------+-------------------------+-----
Axes           | 2 3 4 5 |  5.7
Shields        | 3 4 5 6 |  6.1
Armour         | 3 4 5 6 |  6.1
Fighting       | 4 5 6 |  6.7

Action                   |  1- 3 |  4- 6 |  7- 9 || total
-------------------------+-------+-------+-------++-------
Melee: War axe           |   115 |   110 |   314 ||   539
       Kick              |       |       |    85 ||    85
Invok: Curse Item        |       |       |     3 ||     3
  Use: Potion            |       |     2 |       ||     2
       Scroll            |       |     3 |       ||     3
Armor: Scale mail        |    47 |    20 |       ||    67
       Skin              |       |     5 |       ||     5
       Ring mail         |       |    12 |   127 ||   139
Dodge: Dodged            |    48 |    34 |   109 ||   191
Block: Kite shield       |    79 |    74 |   169 ||   322
